[Event "*** SCC Grand Prix: Titled Tuesday Blitz"]
[Site "Chess.com"]
[Date "2020.07.21"]
[Round "6"]
[White "politeplayer"]
[Black "canary2016"]
[Result "0-1"]
[WhiteElo "2192"]
[BlackElo "1924"]
[TimeControl "180+1"]
[EndTime "11:07:48 PDT"]
[Termination "canary2016 won by checkmate"]

1. e4 c6 2. d4 d5 3. Nc3 dxe4 4.
Nxe4 Nf6 5. Nxf6+ exf6 6. Bd3 Qxd4 7. Nf3 Qd5 8. O-O Be7 9. Re1 Be6 10. c4 Qd8 11.
Qc2 h6 12. Bf4 O-O 13. Rad1 Qb6 14. Bh7+ Kh8 15. Rxe6 fxe6 16. Qg6 Bc5 17. Bxh6 gxh6 18. Qxh6 Qc7 19. Nh4 Qxh7 20. Qf4 e5 21. Qg4 Rg8 22. Qe6 Qxh4 23. g3 Qh6 24. b4 Bd4 25. Re1 Na6 26. Re4 Nc7 27. Qd7 Rg7 28. Qf5 Rh7 29. Rh4 Qg7 30. Rg4 Qf7 31. Kg2 Rg8 32. Rxg8+ Kxg8 33. h4 Kf8 34. Qc8+ Kg7 35. Qg4+ Kh8 36. Qc8+ Qg8 37.
Qf5 Rxh4 38. Qxf6+ Qg7 39. Qxh4+ Kg8 40. Qd8+ Kh7 41.
Qh4+ Kg6 42. Qg4+ Kf7 43. Qd7+ Kf6 44. Qd6+ Kf5 45. g4+ Kxg4 46. Kf1 Kf4 47. Qd8 Na6 48. Qh4+ Kf5 49. Qh1 Ke6 50. Qh3+ Kd6 51. Qa3 Qf7 52. b5+ Kc7 53. b6+ Kxb6 54. Qd6 Qxf2# 0-1

[Event "*** SCC Grand Prix: Titled Tuesday Blitz"]
[Site "Chess.com"]
[Date "2020.07.21"]
[Round "6"]
[White "hansen"]
[Black "Revnov"]
[Result "1-0"]
[WhiteElo "2911"]
[BlackElo "2725"]
[TimeControl "180+1"]
[EndTime "11:07:49 PDT"]
[Termination "hansen won by resignation"]

1. e4 e5 2. Nf3 d6 3. d4 exd4 4. Nxd4 Nf6 5. Nc3 Be7 6. g3 Nc6 7. Bg2 Nxd4 8. Qxd4 O-O 9. O-O Be6 10. Bf4 Ng4 11.
Rad1 Bf6 12. Qd2 Ne5 13. b3 Re8 14. Nd5 g5 15. Nxf6+ Qxf6 16. Bxg5 Nf3+ 17. Bxf3 Qxf3 18. Qe3 Qxe3 19. Bxe3 Bh3 20. Rfe1 Rxe4 21. f3 Ree8 22. g4 h5 23. gxh5 Re5 24. h6 Bf5 25. c4 Rae8 26.
Kf2 b6 27. h4 Kh7 28. Rd5 Bg6 29. Rxe5 Rxe5 30. Rd1 a5 31. Rd4 Bh5 32. a3 Bg6 33. b4 axb4 34. axb4 Bf5 35. Bf4 Re6 36. Rd5 Bg6 37.
h5 Bc2 38. c5 bxc5 39. bxc5 Bb3 40. Rf5 f6 41. cxd6 cxd6 42. Rb5 Bc2 43. Rb7+ Kh8 44. Kg3 Bf5 45. Rf7 Bh7 46. Bd2 Bg8 47. Rd7 Bh7 48.
Bc3 Bf5 49. Rc7 Kg8 50. Kf4 Bd3 51. Rg7+ Kh8 52. Bd4 d5 53. Rd7 Bb1 54. Kg4 Kg8 55.
Kg3 Kh8 56. Kf4 Kg8 57. Rg7+ Kh8 58. Rb7 Kg8 59. Rxb1 1-0

[Event "*** SCC Grand Prix: Titled Tuesday Blitz"]
[Site "Chess.com"]
[Date "2020.07.21"]
[Round "6"]
[White "Kildepiotr"]
[Black "Fandorine"]
[Result "0-1"]
[WhiteElo "2615"]
[BlackElo "2926"]
[TimeControl "180+1"]
[EndTime "11:07:51 PDT"]
[Termination "Fandorine won by resignation"]

1. Nf3 Nf6 2. g3 g6 3. Bg2 Bg7 4. O-O O-O 5. d4 d6 6. Nbd2 Nc6 7. e4 e5 8. dxe5 dxe5 9. c3 a5 10. a4 b6 11. Qe2 Ba6 12. Nc4 Qe7 13. Rd1 h6 14.
Bf1 Qe6 15. b3 Rfd8 16. Ba3 Qg4 17. Nfd2 Qe6 18. Qe1 Bf8 19. Bxf8 Kxf8 20. f3 Kg7 21. Ne3 Bxf1 22. Qxf1 Rd7 23. Ndc4 Rad8 24. Rxd7 Rxd7 25. Rd1 h5 26. Rd3 Qe7 27. Qd1 Rxd3 28. Qxd3 h4 29.
Nd5 Qd8 30. Qd2 hxg3 31. hxg3 Nh5 32. Kf2 Qd7 33. Kg2 Nf6 34. Nxf6 Qxd2+ 35. Nxd2 Kxf6 36. Kf2 Nb8 37. Ke3 Na6 38. Kd3 Nc5+ 39. Kc4 c6 40. Nf1 Ke6 41. Ne3 Kd6 42. g4 Nd7 43. b4 b5+ 44. axb5 Nb6+ 45. Kd3 axb4 46. bxc6 b3 47. Nd5 Kxc6 48. Nxb6 Kxb6 49. c4 Kc5 50. Kc3 b2 51.
Kxb2 Kxc4 52. Kc2 Kd4 53. Kd2 f6 54. Ke2 Kc3 55. Ke3 Kc2 56. Ke2 Kc1 57. Ke1 Kc2 58. Ke2 g5 59. Ke3 Kd1 60. Kd3 Ke1 61. Kc4 Ke2 62. Kd5 Kxf3 63. Ke6 Kxe4 64. Kxf6 Kf4 0-1

[Event "*** SCC Grand Prix: Titled Tuesday Blitz"]
[Site "Chess.com"]
[Date "2020.07.21"]
[Round "6"]
[White "OK97"]
[Black "Rodalquilar"]
[Result "0-1"]
[WhiteElo "2804"]
[BlackElo "2663"]
[TimeControl "180+1"]
[EndTime "11:07:52 PDT"]
[Termination "Rodalquilar won on time"]

1. d4 d5 2. Nf3 Nf6 3. e3 g6 4. c4 dxc4 5. Bxc4 Bg7 6. Nc3 O-O 7. O-O Ne8 8. h3 Nd6 9. Bb3 b5 10. a4 b4 11. Ne2 a5 12. Nf4 e6 13. Re1 Bb7 14.
Bc2 Nd7 15. e4 c5 16. d5 e5 17. Ne2 h6 18. Be3 f5 19. exf5 gxf5 20. Qc1 Qf6 21.
Ng3 f4 22. Nh5 Qf7 23. Nxg7 Qxg7 24. Bxc5 Nxc5 25. Rxe5 Nd7 26. Re6 Rf6 27. Qd1 Rxe6 28.
dxe6 Ne5 29. Nh4 Qe7 30. Qh5 Qg5 31. Qxg5+ hxg5 32. Nf5 Nxf5 33. Bxf5 Rd8 34. Rc1 Bc6 35. Rc5 Rd5 36. Rc4 Kf8 37. Rc2 Ke7 38. Kh2 Rd6 39. Re2 Nd3 40. Rd2 Nc5 41. Rc2 Nxe6 42. Bg4 Nd4 43. Rd2 Ne6 44. Re2 Bd5 45. g3 b3 46. gxf4 gxf4 47. h4 Kf6 48. h5 Ng5 49.
h6 Kg6 50. Re5 Nf3+ 51. Bxf3 Bxf3 52. Rxa5 Rd1 53. Ra6+ Kh5 0-1

[Event "*** SCC Grand Prix: Titled Tuesday Blitz"]
[Site "Chess.com"]
[Date "2020.07.21"]
[Round "6"]
[White "Isajevsky_Anton"]
[Black "Munguntuul_B"]
[Result "1-0"]
[WhiteElo "2582"]
[BlackElo "2587"]
[TimeControl "180+1"]
[EndTime "11:07:52 PDT"]
[Termination "Isajevsky_Anton won on time"]

1. c4 e6 2. Nf3 d5 3. e3 Nf6 4.
Nc3 b6 5. cxd5 exd5 6. d4 Bd6 7.
Bd3 O-O 8. O-O Re8 9. b3 Bb7 10. Bb2 Nbd7 11. Rc1 a6 12. Ne2 Ne4 13. Ng3 Ndf6 14.
Nf5 Bf8 15. Ne5 g6 16. Nh4 Bh6 17. Nhf3 Qd6 18. Rc2 Rac8 19. Qa1 Qe6 20. Rfc1 c6 21. h3 Nd7 22. a4 a5 23. Nxd7 Qxd7 24. Ne5 Qe6 25.
Bxe4 dxe4 26. Nc4 Rc7 27. Nxb6 Qxb3 28. Nc4 Ra8 29. Rc3 Qb4 30. Ba3 Qxa4 31. Bd6 Qxa1 32. Rxa1 Rd7 33. Bc5 Rdd8 34. Rxa5 Ba6 35. Rca3 Bb7 36.
Nd6 Rxa5 37. Rxa5 Ba8 38. Ra7 Bf8 39. Nxf7 Bxc5 40. dxc5 Kf8 41. Nd6 Kg8 42. g4 Rb8 43. Kg2 h5 44. gxh5 gxh5 45. Kg3 Rf8 46. Kh4 Rxf2 47.
Rxa8+ Kg7 48. Kxh5 Rc2 49. Kg5 Rxc5+ 50. Nf5+ Kf7 51. Ra7+ Ke8 52. Kf4 1-0

[Event "*** SCC Grand Prix: Titled Tuesday Blitz"]
[Site "Chess.com"]
[Date "2020.07.21"]
[Round "6"]
[White "Chess_Boxer123"]
[Black "Tactictic"]
[Result "0-1"]
[WhiteElo "2558"]
[BlackElo "2396"]
[TimeControl "180+1"]
[EndTime "11:07:52 PDT"]
[Termination "Tactictic won by checkmate"]

1. d4 Nf6 2. c4 e6 3. g3 d5 4. Nf3 Bb4+ 5. Bd2 Bd6 6. Bg2 c6 7. O-O O-O 8. b3 Ne4 9. Nc3 Nxd2 10. Qxd2 Nd7 11. e4 dxe4 12. Nxe4 Bc7 13. Rad1 e5 14. d5 cxd5 15. cxd5 Nf6 16. Nxf6+ Qxf6 17. d6 Rd8 18. Ng5 Rxd6 19. Ne4 Rxd2 20. Nxf6+ gxf6 21. Rxd2 Rb8 22. Rc1 Bb6 23. Be4 Be6 24. Kg2 Kg7 25. h4 f5 26. Bd5 Bd7 27. Bxf7 Bc6+ 28. Bd5 Rd8 29. Rcd1 Rxd5 30. Rxd5 Bd4 31. Kf1 Bxd5 32. f4 Kf6 33. fxe5+ Kxe5 34. Re1+ Be4 35. Rc1 h5 36. Rc8 Bd3+ 37.
Kg2 Be4+ 38. Kh2 Bb6 39. Rb8 Kd4 40. Re8 Kc3 41. Kh3 Kb2 42. Rf8 Kxa2 43. b4 Kb3 44. b5 Kb4 45. Rh8 Bf3 46. Rf8 Bg4+ 47. Kg2 Kxb5 48.
Re8 a5 49. Kh2 Ka6 50. Re1 Bc5 51. Rc1 b6 52. Re1 a4 53. Rh1 a3 54. Ra1 Ka5 55. Rf1 Ka4 56. Re1 a2 57. Rb1 axb1=Q 58. Kg2 Qg1# 0-1

[Event "*** SCC Grand Prix: Titled Tuesday Blitz"]
[Site "Chess.com"]
[Date "2020.07.21"]
[Round "6"]
[White "MIJUAREZ"]
[Black "Chessmasterzt"]
[Result "0-1"]
[WhiteElo "2394"]
[BlackElo "2591"]
[TimeControl "180+1"]
[EndTime "11:07:53 PDT"]
[Termination "Chessmasterzt won on time"]

1. e4 c5 2. Nf3 Nc6 3. d4 cxd4 4. Nxd4 e5 5. Nb5 d6 6. a4 Be7 7. N1c3 a6 8. Na3 Be6 9. Be3 Bg5 10. Nc4 Bxe3 11.
Nxe3 Nf6 12. Bc4 O-O 13. O-O Rc8 14. Bd5 Na5 15. Qd3 Qc7 16. Rfd1 Rfd8 17. Rac1 Qc5 18. Rb1 Qb4 19. h3 h6 20. Qe2 Kf8 21. Qf3 Rc5 22.
Na2 Qxa4 23. b4 Bxd5 24. exd5 Rc7 25. bxa5 Qxa2 26. Ra1 Qb2 27. c4 e4 28. Qg3 Qe5 29. Qxe5 dxe5 30. Rac1 Rc5 31. Rb1 Rd7 32. Rb6 Ne8 33.
d6 Rxa5 34. Rdb1 Rxd6 35. Rxb7 Rc5 36. Rb8 Rdc6 37. Nf5 Rc8 38. R8b7 R5c7 39. Rxc7 Rxc7 40. Ne3 Nd6 41. Rb8+ Rc8 42. Rb6 Nxc4 43. Nxc4 Rxc4 44. Rxa6 f6 45. g4 Kf7 46. Ra7+ Kg6 47. Kg2 Rc3 48. h4 h5 49. gxh5+ Kh6 50. Re7 e3 51. fxe3 Rxe3 52. Re8 Kxh5 53. Rh8+ Kg6 54. h5+ Kg5 55. Rh7 Re4 0-1

[Event "*** SCC Grand Prix: Titled Tuesday Blitz"]
[Site "Chess.com"]
[Date "2020.07.21"]
[Round "6"]
[White "Irochka83"]
[Black "wild_cat99"]
[Result "0-1"]
[WhiteElo "2347"]
[BlackElo "2607"]
[TimeControl "180+1"]
[EndTime "11:07:53 PDT"]
[Termination "wild_cat99 won on time"]

1. d4 Nf6 2. c4 e6 3. Nc3 Bb4 4. Qb3 Bxc3+ 5. Qxc3 O-O 6. Bg5 d5 7. e3 Nbd7 8. cxd5 exd5 9. Bd3 h6 10. Bh4 c6 11. Nf3 Qc7 12. O-O a5 13. Nd2 b6 14. Rac1 c5 15. dxc5 bxc5 16. Bxf6 Nxf6 17.
Qxc5 Qb7 18. Qb5 Qxb5 19. Bxb5 Rb8 20. a4 Bd7 21. Rc5 Bxb5 22. axb5 Rfc8 23. Rfc1 Rxc5 24.
Rxc5 Ne4 25. Nxe4 dxe4 26. g4 Kf8 27. h4 Ke7 28. Kg2 Kd6 29. Rf5 Ke6 30. Kg3 g6 31. Rc5 Kd6 32. Rc6+ Kd7 33. Ra6 Rxb5 34. g5 hxg5 35. hxg5 Rxg5+ 36. Kf4 Rf5+ 37. Kxe4 Rxf2 38. Rxa5 Rxb2 39. Ra7+ Ke6 40. Ra6+ Ke7 41. Ra7+ Kf6 42. Kf4 Rb4+ 43. Kf3 Ke6 44. Ra6+ Kf5 45. Ra5+ Kf6 46. Ra6+ Kg5 47. Ra5+ f5 48. Ra6 Rb3 49. Kf2 Kh5 50. Rf6 Kg5 51. Rf8 Kg4 52. Rf6 Rb2+ 53. Kf1 g5 54. Rf8 f4 55. exf4 gxf4 56. Kg1 Kg3 57. Rg8+ Kf3 58. Ra8 Rb1+ 59. Kh2 Re1 0-1

[Event "*** SCC Grand Prix: Titled Tuesday Blitz"]
[Site "Chess.com"]
[Date "2020.07.21"]
[Round "6"]
[White "LedakovAlexandr"]
[Black "cukin84"]
[Result "1-0"]
[WhiteElo "2484"]
[BlackElo "2163"]
[TimeControl "180+1"]
[EndTime "11:07:54 PDT"]
[Termination "LedakovAlexandr won by resignation"]

1. d4 f5 2. Nf3 Nf6 3. Bg5 g6 4. Bxf6 exf6 5. h4 h5 6. Nc3 d5 7. Qd2 Be6 8. e3 Qd7 9. Ne2 Bd6 10. Nf4 Bxf4 11. exf4 O-O 12. O-O-O c6 13. Kb1 b5 14.
Ne1 Qd6 15. Nd3 Nd7 16. Qb4 Qxb4 17. Nxb4 Rfc8 18. Na6 Kf7 19. Be2 Nb6 20. Nc5 Bd7 21. Rhe1 Re8 22. b3 a5 23. Bd3 Rxe1 24. Rxe1 Re8 25.
Rd1 Re7 26. Kc1 Bc8 27. Bf1 Nd7 28. Nd3 Nb6 29. Kd2 a4 30. Nc5 axb3 31. cxb3 Ra7 32. Ra1 Nd7 33. Nd3 Ra3 34. Kc3 Nb6 35. Be2 Ra7 36. Bd1 Ba6 37. Nb4 Bc8 38. Be2 Bd7 39.
Nd3 Ra3 40. Kb2 Ra7 41. Nc5 Ke7 42. a4 bxa4 43. bxa4 Kd6 44. Kc3 Nc8 45. Bd3 Ra8 46.
Rb1 Ra7 47. Rb8 Kc7 48. Rb2 Nd6 49. Kb4 Ne4 50. Bxe4 fxe4 51. Rb3 Ra8 52. Ka3 Bc8 53.
Rg3 Bf5 54. Rc3 Kb6 55. Nb3 Re8 56. a5+ Kb7 57. Nc5+ Kc7 58. Rb3 Bc8 59. a6 Bxa6 60.
Nxa6+ Kd6 61. Nc5 g5 62. fxg5 fxg5 63. Rb7 Rd8 64. hxg5 1-0

[Event "*** SCC Grand Prix: Titled Tuesday Blitz"]
[Site "Chess.com"]
[Date "2020.07.21"]
[Round "6"]
[White "BillieKimbah"]
[Black "Mikhail_Golubev"]
[Result "1-0"]
[WhiteElo "2886"]
[BlackElo "2602"]
[TimeControl "180+1"]
[EndTime "11:07:55 PDT"]
[Termination "BillieKimbah won on time"]

1. d4 Nf6 2. Nf3 d6 3. Nc3 g6 4. e4 Bg7 5. Be3 O-O 6. h3 c6 7.
a4 Nbd7 8. Bc4 d5 9. Bd3 dxe4 10. Nxe4 Nd5 11. Bd2 e5 12. dxe5 Nxe5 13. Nxe5 Bxe5 14. Rb1 Nf4 15. Bxf4 Bxf4 16. Qf3 Be5 17. O-O Bf5 18. Nc5 Qe7 19. b4 Bxd3 20. Nxd3 Bg7 21. Rfe1 Qc7 22. Re4 a5 23. b5 cxb5 24. Rxb5 Qxc2 25. Rxb7 Rad8 26. Nf4 Rd1+ 27. Kh2 Qc1 28. g3 Qc6 29. Qxd1 Qxe4 30. Rd7 h5 31. h4 Be5 32. Re7 Qd4 33.
Qxd4 Bxd4 34. Kg2 Rc8 35. Rd7 Rc4 36. Nd5 Rxa4 37. Ne7+ Kg7 38. Nc6 Bc3 39. Nd8 Rc4 40. Nxf7 Kg8 41. Ng5 a4 42. Ra7 Bb2 43. Ne6 a3 44. f4 Rc2+ 45. Kf3 Rc3+ 46. Ke4 Rxg3 47. Ra8+ Kf7 48. Ng5+ Ke7 49. Ra7+ Kd6 50. Nf7+ Kc5 51. Ne5 Rh3 52. Nxg6 Kb4 53. f5 Kb3 54. Rb7+ Ka4 55. Ra7+ Kb3 56. Nf4 1-0

[Event "*** SCC Grand Prix: Titled Tuesday Blitz"]
[Site "Chess.com"]
[Date "2020.07.21"]
[Round "6"]
[White "Paladin61"]
[Black "MusicCityMaster"]
[Result "1-0"]
[WhiteElo "2624"]
[BlackElo "2445"]
[TimeControl "180+1"]
[EndTime "11:07:56 PDT"]
[Termination "Paladin61 won by checkmate"]

1. b3 d5 2. Bb2 Nf6 3. Nf3 c5 4. e3 Nc6 5. Bb5 Bd7 6. O-O e6 7. d3 Bd6 8. e4 d4 9. Nbd2 Bf4 10. Nc4 O-O 11. Bc1 Qc7 12. Bxf4 Qxf4 13. Bxc6 Bxc6 14. Nfe5 Be8 15. g3 Qh6 16. f4 Rd8 17. a4 Nd7 18.
Ng4 Qh5 19. f5 Kh8 20. fxe6 fxe6 21. Rxf8+ Nxf8 22. Qf3 Bg6 23. Rf1 h6 24. Nge5 Qxf3 25. Rxf3 Kh7 26. g4 b6 27. h4 h5 28. g5 Re8 29. Kh2 Rd8 30. Kg3 Nd7 31. Nxd7 Rxd7 32. Rf8 Rb7 33. Kf4 Bf7 34. Nd6 Rd7 35. Nxf7 g6 36.
Ne5 Rd6 37. Rf7+ Kg8 38. Rxa7 b5 39. axb5 Rb6 40. Nd7 Rxb5 41. Nf6+ Kf8 42. Nd7+ Ke8 43. Ne5 Rb6 44. Nxg6 c4 45. dxc4 e5+ 46. Nxe5 Re6 47.
g6 Kf8 48. Kf5 Rb6 49. Nd7+ Kg8 50. Nxb6 Kf8 51. Ke6 d3 52. g7+ Kg8 53. Kf6 dxc2 54. Ra8+ Kh7 55. Rh8# 1-0

[Event "*** SCC Grand Prix: Titled Tuesday Blitz"]
[Site "Chess.com"]
[Date "2020.07.21"]
[Round "6"]
[White "PotapovaM"]
[Black "doons21"]
[Result "1/2-1/2"]
[WhiteElo "2474"]
[BlackElo "2633"]
[TimeControl "180+1"]
[EndTime "11:07:58 PDT"]
[Termination "Game drawn by repetition"]

1. d4 Nf6 2. c4 g6 3. Nc3 Bg7 4. e4 O-O 5. h3 d6 6. Be3 Na6 7. Nf3 c5 8. d5 e6 9. Bd3 exd5 10. exd5 Nc7 11. a4 Na6 12. Rc1 Nb4 13. Bb1 Nh5 14.
O-O f5 15. Bg5 Qd7 16. Qd2 b6 17. Bh6 Ba6 18. b3 Rae8 19. Bxg7 Qxg7 20. Ng5 Bc8 21. Nb5 Rd8 22. Rfe1 a6 23. Nc3 Rfe8 24. Rxe8+ Rxe8 25. Re1 Re5 26. Nf3 Rxe1+ 27. Qxe1 Bd7 28. Ng5 Qe5 29.
Qxe5 dxe5 30. Nf3 e4 31. Ne5 Be8 32. g4 Nf6 33. Kg2 Kf8 34. d6 Nd7 35. Nxd7+ Bxd7 36. Kg3 Kf7 37. Kf4 Ke6 38. gxf5+ gxf5 39. f3 Nd3+ 40. Bxd3 exd3 41. Ke3 Kxd6 42. f4 Bc6 43. Kxd3 Ke6 44. Ke3 h5 45. h4 Kd6 46. Ne2 Be8 47. Ng3 Ke6 48. Kd3 b5 49. axb5 axb5 50. Kc3 b4+ 51. Kd3 Kf6 52. Nf1 Bc6 53. Ne3 Be4+ 54. Kd2 Ke6 55. Kd1 Kd6 56. Kd2 Ke6 57. Nf1 Bf3 58. Ng3 Bg4 59. Nf1 Bf3 60. Ng3 Bg4 61. Nf1 Kd6 62. Ne3 Ke6 63. Nd5 Bf3 64. Ne3 Be4 1/2-1/2

[Event "*** SCC Grand Prix: Titled Tuesday Blitz"]
[Site "Chess.com"]
[Date "2020.07.21"]
[Round "6"]
[White "Supernotar"]
[Black "Maksat-94"]
[Result "0-1"]
[WhiteElo "2713"]
[BlackElo "2469"]
[TimeControl "180+1"]
[EndTime "11:07:58 PDT"]
[Termination "Maksat-94 won by checkmate"]

1. d4 Nf6 2. c4 c5 3. d5 e6 4. Nc3 exd5 5. cxd5 Bd6 6. Nf3 O-O 7. Nd2 Bc7 8. g3 d6 9. Bg2 Re8 10. O-O a6 11. a4 Nbd7 12. b3 Rb8 13. Bb2 b5 14.
axb5 axb5 15. Re1 Ne5 16. Qc2 Bd7 17. h3 Bb6 18. Kh2 c4 19. f4 Neg4+ 20. hxg4 Nxg4+ 21. Kh1 Nf2+ 22. Kg1 Nd3+ 23. Kf1 Nxe1 24. Rxe1 b4 25.
Nxc4 bxc3 26. Qxc3 f6 27. Nxd6 Re3 28. Qc4 Rxg3 29.
Ne4 Rg4 30. Nf2 Bxf2 31. Kxf2 Qb6+ 32. Bd4 Rxf4+ 33. Ke3 Rxd4 34. Qxd4 Re8+ 35. Be4 Qxb3+ 36. Qd3 Qb4 37. Kf3 f5 38. Bxf5 Bxf5 39. Qxf5 Rf8 40. Qxf8+ Kxf8 41. Rd1 Ke7 42. Rd3 Kd6 43. e4 Ke5 44. Re3 Qd4 45. Re2 g5 46. Re1 h6 47. Re2 h5 48. Re1 Qd3+ 49. Re3 g4+ 50. Kf2 Qd2+ 51. Re2 Qf4+ 52. Kg1 h4 53. Rf2 Qxe4 54. d6 Kxd6 55. Rd2+ Ke5 56. Rf2 g3 57. Rf1 h3 58. Rf2 Qe1+ 59. Rf1 Qe3+ 60. Kh1 Qe4+ 61.
Rf3 Qxf3+ 62. Kg1 Qg2# 0-1

[Event "*** SCC Grand Prix: Titled Tuesday Blitz"]
[Site "Chess.com"]
[Date "2020.07.21"]
[Round "6"]
[White "SCIM"]
[Black "GMKrikor"]
[Result "0-1"]
[WhiteElo "2572"]
[BlackElo "2720"]
[TimeControl "180+1"]
[EndTime "11:07:59 PDT"]
[Termination "GMKrikor won on time"]

1. d4 Nf6 2. c4 g6 3. Nc3 d5 4. cxd5 Nxd5 5. e4 Nxc3 6. bxc3 Bg7 7. Bc4 c5 8. Ne2 O-O 9. O-O Nc6 10. Be3 Bg4 11. d5 Na5 12. Bb5 a6 13. Bd3 Rc8 14. f3 Bd7 15. Rb1 b5 16. Qd2 e6 17. Nf4 exd5 18.
Nxd5 Be6 19. Be2 Bxd5 20. exd5 Re8 21. Rfe1 Qf6 22. d6 Rxe3 23. Qxe3 Qxd6 24. Rbd1 Qf6 25. Rc1 h5 26. Bf1 Kh7 27. Qe4 Nc6 28. a4 c4 29.
axb5 axb5 30. Qd5 Rb8 31. Red1 Na5 32. Qe4 Nb3 33. Rc2 Rd8 34. Rxd8 Qxd8 35. Qe2 Qb6+ 36. Kh1 Qd6 37. g3 h4 38. Kg2 hxg3 39. hxg3 Qf6 40. Qe4 Qd6 41. Qh4+ Kg8 42. Qe4 Bf6 43. Re2 Kg7 44.
Qe3 Qd1 45. Re1 Qc2+ 46. Re2 Qxc3 47. Qe4 Qd4 48. Qb7 Qc5 49. Re4 Nd4 50. Qb8 c3 51.
Re8 c2 52. Rg8+ Kh7 53. Qf4 c1=Q 54. Qxf6 Kxg8 55. Qh8+ Kxh8 56. Kh3 Q5c3 0-1

[Event "*** SCC Grand Prix: Titled Tuesday Blitz"]
[Site "Chess.com"]
[Date "2020.07.21"]
[Round "6"]
[White "Gloomy_Wanderer"]
[Black "manmanlai1"]
[Result "1-0"]
[WhiteElo "2698"]
[BlackElo "2497"]
[TimeControl "180+1"]
[EndTime "11:08:01 PDT"]
[Termination "Gloomy_Wanderer won by resignation"]

1. d4 d5 2. c4 e6 3. Nf3 a6 4.
Bg5 Nf6 5. e3 h6 6. Bh4 Be7 7. Nc3 O-O 8. Qc2 dxc4 9. Bxc4 Nbd7 10.
O-O c5 11. dxc5 Nxc5 12. Rfd1 Qb6 13. Na4 Nxa4 14. Qxa4 Qb4 15. Qxb4 Bxb4 16. a3 Be7 17. Rac1 Rd8 18. Nd4 Bd7 19. Be2 Rac8 20. Bf3 Rxc1 21. Rxc1 Rc8 22. Rxc8+ Bxc8 23. Kf1 Nd5 24. Bg3 Nb6 25.
Be2 Kf8 26. Bd3 Ke8 27. Ke2 Kd7 28. Kd2 Bd6 29. b4 Bxg3 30. hxg3 Kd6 31. Nb3 Nd7 32. Kc3 Ne5 33. Be2 Bd7 34. f3 Bc6 35. Na5 Nd7 36. Nxc6 Kxc6 37. f4 Nf6 38. Bf3+ Nd5+ 39. Kd4 Kd6 40. e4 Ne7 41. e5+ Kc7 42. Be4 Nc6+ 43. Kc4 h5 44. Bf3 g6 45. g4 hxg4 46. Bxg4 Ne7 47.
Bf3 Nf5 48. Kd3 b6 49. Be4 Ne7 50. Kc4 a5 51. bxa5 bxa5 52. Kb5 Nd5 53. Bxd5 exd5 54. Kxa5 Kc6 55. Kb4 d4 56. Kc4 1-0

[Event "*** SCC Grand Prix: Titled Tuesday Blitz"]
[Site "Chess.com"]
[Date "2020.07.21"]
[Round "6"]
[White "Orest_Vovk"]
[Black "viktorskliarov"]
[Result "0-1"]
[WhiteElo "2391"]
[BlackElo "2590"]
[TimeControl "180+1"]
[EndTime "11:08:01 PDT"]
[Termination "viktorskliarov won by resignation"]

1. h4 h5 2. Nf3 Nf6 3. Ng5 d5 4. e4 dxe4 5. Qe2 c6 6. Nxe4 Nxe4 7. Qxe4 Nd7 8. Nc3 Nf6 9. Qf4 g6 10. Bc4 Bh6 11. Qg3 b5 12. Bb3 Bf5 13. d3 Bxc1 14. Rxc1 a5 15. a3 a4 16. Ba2 Qd4 17. Qe3 e5 18. Qxd4 exd4 19. Ne2 Rd8 20. Ng3 Be6 21. Bxe6 fxe6 22. Kd2 Kd7 23. Rhe1 Rhf8 24. Re2 Ng4 25. Ne4 Rf5 26. c3 dxc3+ 27. Rxc3 Re8 28. f3 Nf6 29. Nxf6+ Rxf6 30. Re4 Rf5 31. d4 Ref8 32. Ke3 Kd6 33. Rc1 g5 34. hxg5 Rxg5 35. g4 hxg4 36. Rxg4 Rgf5 37. Rf1 Rh8 38. Rg2 Rh3 39. Rgf2 Kd5 40. Rc1 Rh4 41. Rc5+ Kd6 42. Rxf5 exf5 43. Rg2 Kd5 44.
Rg5 Rh2 45. Rxf5+ Ke6 46. Re5+ Kd6 47. f4 Rxb2 48. Rh5 Rb3+ 49. Ke4 Rxa3 50. d5 cxd5+ 51. Rxd5+ Kc6 52. Rd8 Ra1 53. f5 Rf1 54. Ke5 b4 55. Rc8+ Kb5 56. f6 b3 57. Ra8 Kb4 58. Rd8 b2 59. Rd4+ Kb3 0-1

[Event "*** SCC Grand Prix: Titled Tuesday Blitz"]
[Site "Chess.com"]
[Date "2020.07.21"]
[Round "6"]
[White "Sanan_Sjugirov"]
[Black "VerdeNotte"]
[Result "1/2-1/2"]
[WhiteElo "2992"]
[BlackElo "2847"]
[TimeControl "180+1"]
[EndTime "11:08:04 PDT"]
[Termination "Game drawn by stalemate"]

1. d4 Nf6 2. c4 g6 3. Nc3 Bg7 4. e4 d6 5. f3 O-O 6. Nge2 c5 7. d5 e6 8. Ng3 exd5 9. cxd5 Nh5 10. Nxh5 gxh5 11.
Bd3 f5 12. O-O f4 13. g3 Bh3 14. Re1 Bd4+ 15. Kh1 fxg3 16. hxg3 Bf2 17. Kh2 Qd7 18. Bf4 h4 19. Qd2 hxg3+ 20. Bxg3 Bxe1 21. Rxe1 Rxf3 22. Qg5+ Qg7 23. Qxg7+ Kxg7 24. Be2 Rxg3 25. Kxg3 Bd7 26. Bd3 Na6 27. Bxa6 bxa6 28. e5 dxe5 29. Rxe5 Re8 30. Rxe8 Bxe8 31. Ne4 c4 32. Nd6 Bf7 33. Nxc4 Bxd5 34.
Ne5 Bxa2 35. Nc6 Bd5 36. Nb4 Bb7 37. Nd3 Kf6 38. Kf4 h5 39. Nc5 Bc8 40. Ne4+ Kg6 41. Nd6 Be6 42. b4 h4 43. Ne4 h3 44. Kg3 Kf5 45. Nf2 Ke5 46. Nxh3 Kd4 47. Nf4 Bc4 48. Kf3 Kc3 49. Ke3 Bb5 50. Nd5+ Kc4 51. Nf4 Kc3 52. Nd5+ Kc4 53. Nf4 Kxb4 54. Kd2 Kb3 55. Kc1 Ka2 56.
Nd5 Bc4 57. Nb4+ Kb3 58. Nxa6 Bxa6 59. Kb1 Bd3+ 60. Ka1 Bh7 1/2-1/2

[Event "*** SCC Grand Prix: Titled Tuesday Blitz"]
[Site "Chess.com"]
[Date "2020.07.21"]
[Round "6"]
[White "AlexOstrovskiy"]
[Black "Dedic8"]
[Result "0-1"]
[WhiteElo "2616"]
[BlackElo "2774"]
[TimeControl "180+1"]
[EndTime "11:08:04 PDT"]
[Termination "Dedic8 won on time"]

1. d4 Nf6 2. Bf4 g6 3. Nc3 d5 4. e3 Bg7 5. h4 h5 6. Nf3 O-O 7. Ne5 c5 8. f3 Qb6 9. Qd2 Qxb2 10. Rb1 Qa3 11. Rb3 Qa5 12. Rb5 Qd8 13. Rxc5 b6 14. Rb5 Ba6 15. Rb1 Bxf1 16. Kxf1 Qc8 17. Kf2 Nbd7 18. Ne2 e6 19. Qd3 Qb7 20. Rhc1 Rac8 21.
c4 Qa6 22. cxd5 Qxd3 23. Nxd3 Nxd5 24. Bd6 Rfe8 25. e4 Nc3 26. Rxc3 Rxc3 27. Nxc3 Bxd4+ 28.
Ke2 Bxc3 29. Rc1 Bf6 30. Rc7 Rd8 31. Rxa7 Nf8 32. Bg3 Rc8 33. Rc7 Ra8 34. Rc2 Nd7 35. e5 Be7 36. Bf2 b5 37. Rc7 Rd8 38. Rb7 b4 39.
Nxb4 Bxb4 40. Rxb4 Nxe5 41. a4 Ra8 42. Bg3 Nc6 43.
Rc4 Ne7 44. Be1 Nd5 45. a5 Kf8 46. g4 Ke7 47. gxh5 gxh5 48. Bd2 Kd6 49. Kd3 Rg8 50.
a6 Ra8 51. Ra4 Kc6 52. a7 Nb6 53. Ra5 Nd5 54. Be3 Kb7 55. Ra4 Rd8 56. Ke4 f5+ 57.
Ke5 Nxe3 58. Kxe6 Ra8 59. Ke5 Kc6 0-1

[Event "*** SCC Grand Prix: Titled Tuesday Blitz"]
[Site "Chess.com"]
[Date "2020.07.21"]
[Round "6"]
[White "RobertoJBM"]
[Black "DariaVoit"]
[Result "1-0"]
[WhiteElo "2657"]
[BlackElo "2514"]
[TimeControl "180+1"]
[EndTime "11:08:04 PDT"]
[Termination "RobertoJBM won by resignation"]

1. d4 Nf6 2. c4 e6 3. Nc3 Bb4 4. Qc2 O-O 5. a3 Bxc3+ 6. Qxc3 d5 7. Bg5 dxc4 8. Qxc4 b6 9. Nf3 Ba6 10. Qa4 c5 11. dxc5 bxc5 12. Rc1 Qb6 13. Bxf6 gxf6 14. Rc2 Rd8 15. e3 Bxf1 16. Rxf1 Nd7 17. Ke2 f5 18.
Rfc1 Nf6 19. Kf1 Ne4 20. Kg1 Rd5 21. g3 Rad8 22. b4 cxb4 23. Qxb4 Rd1+ 24. Kg2 Qa6 25. Rc4 Rxc1 26. Rxc1 Qe2 27. Qe1 Qxe1 28. Rxe1 Rd3 29.
Ra1 Rb3 30. Ra2 Nc3 31. Rd2 Rxa3 32. Rd3 Kg7 33. Ne5 Kf6 34. Nc4 Rb3 35. Na5 Rb5 36.
Nc6 Rc5 37. Nxa7 Ne4 38. f3 Rc2+ 39. Kg1 Rc1+ 40. Kg2 Rc2+ 41. Kg1 Ng5 42. e4 fxe4 43. fxe4 Nxe4 44. Nb5 Ke5 45. Nd4 Rc1+ 46. Kg2 f5 47.
Nf3+ Kf6 48. Rd7 Rc2+ 49. Kg1 Nc5 50. Rxh7 Nd3 51. Rh6+ Ke7 52. Nd4 Rc1+ 53. Kg2 e5 54. Nxf5+ Kf7 55. Ne3 Re1 56. Ng4 Re2+ 57. Kg1 e4 58.
Rf6+ Ke7 59. Rf1 Ke6 60. h4 Ne1 61. Rf2 Nf3+ 62. Kg2 Re1 63. h5 Rg1+ 64. Kh3 Rh1+ 65. Kg2 Kf5 66. Ne3+ Kg5 67. Kxh1 1-0

[Event "*** SCC Grand Prix: Titled Tuesday Blitz"]
[Site "Chess.com"]
[Date "2020.07.21"]
[Round "6"]
[White "Ramil_Faizrakhmanov"]
[Black "deep306"]
[Result "0-1"]
[WhiteElo "2780"]
[BlackElo "2593"]
[TimeControl "180+1"]
[EndTime "11:08:06 PDT"]
[Termination "deep306 won by resignation"]

1. d4 Nf6 2. c4 e6 3. Nf3 b6 4.
g3 Bb7 5. Bg2 Be7 6. O-O O-O 7.
Nc3 Ne4 8. Bd2 d6 9. Qc2 Nxd2 10. Qxd2 Nd7 11. e4 c5 12. b3 cxd4 13. Nxd4 Nc5 14. Rfe1 a6 15. Rad1 Rc8 16. h4 Qc7 17. h5 h6 18. f4 Rfd8 19. Kh2 Nd7 20. a4 Nf6 21. Bf3 Bf8 22. Qg2 Ba8 23. Rd3 Qc5 24. g4 e5 25. Nf5 exf4 26. Nd5 Bxd5 27. exd5 Nh7 28. Qd2 Re8 29. Rd4 g6 30. Rxe8 Rxe8 31. hxg6 fxg6 32. b4 Qc7 33. Nh4 g5 34. Nf5 Bg7 35. Re4 Rxe4 36. Bxe4 Nf6 37. Qe2 Qd7 38. Bf3 h5 39. Kh3 Bf8 40. Qe6+ Qxe6 41. dxe6 hxg4+ 42. Bxg4 d5 43. e7 dxc4 44. exf8=Q+ Kxf8 45. Be2 b5 46. axb5 axb5 47. Nd6 g4+ 48. Kh2 f3 49. Bf1 Nd5 50. Nxb5 c3 51. Kg3 c2 52. Kxg4 c1=Q 0-1